 Dungeon Crawl Stone Soup version 0.31-a0-963-ga325b2283a (webtiles) character file.

Game seed: 7034891356610305896

8887 Newt the Impaler (level 11, 0/81 HPs)
             Began as a Merfolk Gladiator on Oct 24, 2023.
             Was a Follower of Hepliaklqana.
             Slain by an earth elemental (29 damage)
             ... on level 9 of the Dungeon.
             The game lasted 00:10:54 (10557 turns).

Newt the Impaler (Merfolk Gladiator)               Turns: 10557, Time: 00:10:55

Health: 0/81       AC: 14    Str: 22    XL:     11   Next: 37%
Magic:  16/16      EV: 16    Int:  7    God:    Hepliaklqana [*.....]
Gold:   202        SH:  0    Dex: 22    Spells: 17/17 levels left

rFire   . . .        a - +1 trident
rCold   . . .        (no shield)
rNeg    + . .        E - +1 ring mail of Temperance {Str+3}
rPois   .            c - +1 helmet
rElec   .            q - +0 cloak
rCorr   .            (no gloves)
SInv    .            p - +0 pair of boots
Will    +....        n - amulet of faith
Stlth   ++++         j - +6 ring of dexterity
HPRegen 0.33/turn    F - ring "Waoqu" {rN+ Will+ AC+4 Stlth+}
MPRegen 0.15/turn

%: faith
@: no status effects
A: reduced essence, (nimble swimmer 2), mertail
a: Renounce Religion, Recall Ancestor, Ancestor Identity


You were on level 9 of the Dungeon.
You worshipped Hepliaklqana.
Hepliaklqana was aware of your devotion.
You visited 2 branches of the dungeon, and saw 11 of its levels.

You collected 501 gold pieces.
You spent 299 gold pieces at shops.

Inventory:

Hand Weapons
 a - a +1 trident (weapon)
Missiles
 d - 7 throwing nets (quivered)
 e - a javelin
 l - 23 poisoned darts
Armour
 b - a +0 leather armour
 c - a +1 helmet (worn)
 p - a +0 pair of boots (worn)
 q - a +0 cloak (worn)
 x - a +1 leather armour of poison resistance
 C - a +1 scale mail of fire resistance
 E - the +1 ring mail of Temperance (worn) {Str+3}
   (You bought it in a shop on level 5 of the Dungeon)

   Str+3:     It affects your strength (+3).
Jewellery
 j - a +6 ring of dexterity (left hand)
 k - a ring of flight
 n - an amulet of faith (around neck)
 F - the ring "Waoqu" (right hand) {rN+ Will+ AC+4 Stlth+}
   (You found it on level 8 of the Dungeon)

   [ring of protection]

   AC+4:      It affects your AC (+4).
   rN+:       It protects you from negative energy.
   Will+:     It increases your willpower.
   Stlth+:    It makes you more stealthy.
Wands
 r - a wand of flame (56)
 t - a wand of charming (24)
 D - a wand of iceblast (1)
Scrolls
 v - a scroll of torment
 y - 3 scrolls of enchant weapon
 A - 2 scrolls of fear
 B - 2 scrolls of identify
 G - a scroll of blinking
 H - 2 scrolls of teleportation
 I - a scroll of silence {unknown}
Potions
 f - 2 potions of lignification
 g - 3 potions of attraction
 h - a potion of heal wounds
 i - a potion of mutation
 m - 2 potions of haste {unknown}
 o - 9 potions of curing
 s - 2 potions of magic {unknown}
 u - 2 potions of berserk rage
 w - a potion of cancellation {unknown}
 z - 2 potions of ambrosia {unknown}


   Skills:
 - Level 10.0 Fighting
 - Level 15.0 Polearms
 - Level 2.0 Throwing
 - Level 7.0 Dodging
 - Level 5.0 Stealth
 + Level 3.6 Spellcasting
 + Level 3.9 Summonings
 - Level 5.0 Evocations


You had 17 spell levels left.
You didn't know any spells.
Your spell library contained the following spells:

 Spells                   Type           Power      Damage    Failure   Level
 Kiss of Death            Conj/Necr      4%         2d5       47%         1
 Necrotise                Necr           4%         1d4       47%         1
 Shock                    Conj/Air       4%         1d3       47%         1
 Sting                    Tmut/Pois      4%         1d3       47%         1
 Poisonous Vapours        Pois/Air       2%         N/A       63%         2
 Static Discharge         Conj/Air       2%         3-4/arc   63%         2
 Confusing Touch          Hex            1%         N/A       85%         3
 Swiftness                Air            1%         N/A       85%         3
 Vampiric Draining        Necr           1%         2d6       85%         3
 Summon Lightning Spire   Summ/Air       4%         N/A       93%         4
 Airstrike                Air            0%         2d(1-17)  99%         4
 Dispel Undead            Necr           1%         3d6       99%         4
 Olgreb's Toxic Radiance  Pois           1%         N/A       99%         4
 Agony                    Necr           1%         N/A       100%        5


Dungeon Overview and Level Annotations

Branches:
Dungeon (10/15)            Temple (1/1) D:5            Lair (0/5) D:9
    Orc: D:9-12

Altars:
Ashenzari
Cheibriados
Dithmenos
Elyvilon
Fedhas
Gozag
Hepliaklqana
Kikubaaqudgha
Makhleb
Nemelex Xobeh
Okawaru
Qazlal
Ru
Sif Muna
Trog
Uskayaw
Vehumet
Wu Jian
Xom
Yredelemnul
Zin
The Shining One

Shops:
D:2 =   D:5 *


Innate Abilities, Weirdness & Mutations

Your life essence is reduced to manifest your ancestor. (-10% HP)
((You are very nimble when in or above water. (Stealth+, EV+, Speed+++)))
Your lower body shifts to a powerful aquatic tail in water.


Message History

You reach to attack!
You hit the earth elemental but do no damage.
The earth elemental is severely damaged.
You hit the earth elemental but do no damage.
The earth elemental is severely damaged.
You hit the earth elemental but do no damage.
The earth elemental is severely damaged.
You hit the earth elemental but do no damage.
The earth elemental is severely damaged.
The earth elemental hits you!
You puncture the earth elemental!
The earth elemental is almost destroyed.
You completely miss the earth elemental.
The earth elemental is almost destroyed.
You hit the earth elemental.
The earth elemental is almost destroyed.
The earth elemental hits you!
You hit the earth elemental but do no damage.
The earth elemental is almost destroyed.
You hit the earth elemental.
You destroy the earth elemental!
You hit the earth elemental but do no damage.
You hit the earth elemental.
The earth elemental is lightly damaged.
You puncture the earth elemental!
The earth elemental is moderately damaged.
The earth elemental misses you.
You puncture the earth elemental!
The earth elemental is heavily damaged.
You hit the earth elemental but do no damage.
The earth elemental is heavily damaged.
You hit the earth elemental.
The earth elemental is severely damaged.
The earth elemental hits you!
* * * LOW HITPOINT WARNING * * *
You feel much better.
You hit the earth elemental but do no damage.
The earth elemental is severely damaged.
The earth elemental hits you!!
You die...

###################
..................#
####.############.#
####..............#
..................#
###.............@.#
#..############E#
###..############E#
..................#
..............E...#
#.............>...#
...)....[.[.......#
........[.........#
####..............#


You could see 2 earth elementals.

Vanquished Creatures
  Harold (D:9)
  Pikel (D:4)
  A manticore (D:9)
  6 kobold demonologists (D:9)
  An efreet (D:9)
  A troll (D:9)
  Grinder (D:5)
  9 yaks (D:9)
  A water moccasin (D:6)
  Duvessa (D:4)
  4 orc warriors
  An ice beast (D:7)
  A black bear (D:4)
  3 centaurs
  A sky beast (D:7)
  2 ogres
  3 kobold brigands
  A gnoll sergeant (D:7)
  2 earth elementals
  2 scorpions
  3 wights (D:6)
  Dowan (D:4)
  10 killer bees (D:9)
  4 howler monkeys
  2 vampire bats (D:5)
  2 hounds
  An orc priest (D:6)
  A jelly (D:4)
  2 gnoll boudas
  7 iguanas
  4 orc wizards
  Ijyb (D:5)
  Natasha (thrice) (D:3)
  3 sleepcaps
  15 gnolls
  5 adders
  A white imp (D:6)
  A worm (D:5)
  A dart slug (D:4)
  35 orcs
  8 ball pythons
  A bat (D:3)
  2 bat skeletons (D:5)
  3 bat zombies (D:5)
  An endoplasm (D:3)
  4 giant cockroaches
  3 goblins (D:1)
  7 hobgoblins
  20 kobolds
  4 quokkas
  2 frilled lizards (D:1)
  2 rats
202 creatures vanquished.

Vanquished Creatures (collateral kills)
  A yak (D:9)
  A steam dragon (D:9)
  An orc wizard (D:9)
  2 kobolds (D:9)
5 creatures vanquished.

Vanquished Creatures (others)
  6 ancestors
6 creatures vanquished.

Grand Total: 213 creatures vanquished

Notes
Turn   | Place    | Note
-------+----------+-------------------------------------------
     0 | D:1      | Newt the Merfolk Gladiator began the quest for the Orb.
     0 | D:1      | Reached XP level 1. HP: 16/16 MP: 1/1
   267 | D:1      | Reached XP level 2. HP: 23/23 MP: 2/2
  1001 | D:2      | Found a faded altar of an unknown god.
  1210 | D:2      | Found Jocyiric's Jewellery Boutique.
  1814 | D:3      | Reached XP level 3. HP: 30/30 MP: 3/3
  1977 | D:3      | Noticed Natasha
  1983 | D:3      | Killed Natasha
  1984 | D:3      | Reached skill level 5 in Polearms
  1984 | D:3      | Reached XP level 4. HP: 33/37 MP: 4/4
  2002 | D:3      | Found an ornate altar of the Wu Jian Council.
  2002 | D:3      | Found a glowing golden altar of the Shining One.
  2003 | D:3      | Found a shadowy altar of Dithmenos.
  2168 | D:3      | Noticed Natasha
  2189 | D:3      | Killed Natasha
  2435 | D:3      | Found a hide-covered altar of Uskayaw.
  2495 | D:3      | Noticed Natasha
  2501 | D:3      | Killed Natasha
  2502 | D:3      | Reached skill level 6 in Polearms
  2502 | D:3      | Reached XP level 5. HP: 40/42 MP: 5/5
  2806 | D:4      | Found a bloodstained altar of Trog.
  2850 | D:4      | Noticed an ogre
  2862 | D:4      | Killed an ogre
  2863 | D:4      | Reached skill level 7 in Polearms
  2863 | D:4      | Reached XP level 6. HP: 15/48 MP: 6/6
  3246 | D:4      | Noticed Pikel
  3279 | D:4      | Killed Pikel
  3280 | D:4      | Reached skill level 8 in Polearms
  3280 | D:4      | Reached skill level 5 in Fighting
  3280 | D:4      | Reached XP level 7. HP: 40/56 MP: 7/7
  3437 | D:4      | Noticed Duvessa
  3437 | D:4      | Noticed Dowan
  3460 | D:4      | Reached XP level 8. HP: 41/64 MP: 8/8
  3475 | D:4      | Killed Duvessa
  3486 | D:4      | Killed Dowan
  3736 | D:5      | Entered Level 5 of the Dungeon
  3930 | D:5      | Found an ancient bone altar of Kikubaaqudgha.
  4012 | D:5      | Noticed Ijyb
  4029 | D:5      | Reached skill level 9 in Polearms
  4128 | D:5      | Killed Ijyb
  4199 | D:5      | Found a staircase to the Ecumenical Temple.
  4223 | D:5      | Noticed Grinder
  4238 | D:5      | Killed Grinder
  4239 | D:5      | Reached skill level 10 in Polearms
  4249 | Temple   | Entered the Ecumenical Temple
  4276 | D:5      | Identified the +7 hand axe of Saustebymp {elec, *Slow MP+9
                  | Dex+3}
  4364 | D:5      | Reached skill level 11 in Polearms
  4624 | D:5      | Found Moistyi's Assorted Antiques.
  4638 | D:5      | Bought a scroll labelled ZAZIUSHE QYIL for 23 gold pieces
  4638 | D:5      | Bought a scroll of identify for 46 gold pieces
  4638 | D:5      | Bought a scroll labelled KOANUIRILOH for 23 gold pieces
  4765 | D:5      | Found a broken altar of Ashenzari.
  4801 | D:5      | Found a white marble altar of Elyvilon.
  5084 | D:6      | Reached XP level 9. HP: 65/72 MP: 9/9
  5097 | D:6      | Reached skill level 12 in Polearms
  5332 | D:6      | Reached skill level 1 in Evocations
  6605 | D:7      | Reached skill level 5 in Evocations
  6605 | D:7      | Reached skill level 1 in Stealth
  7314 | D:5      | Bought a bloodstained ring mail for 207 gold pieces
  7314 | D:5      | Identified the +1 ring mail of Temperance {Str+3} (You
                  | bought it in a shop on level 5 of the Dungeon)
  7444 | D:8      | Identified the ring "Waoqu" {rN+ Will+ AC+4 Stlth+}
  7502 | D:8      | Reached skill level 5 in Stealth
  7823 | D:8      | Reached XP level 10. HP: 79/79 MP: 10/10
  7867 | D:8      | Found a hazy altar of Hepliaklqana.
  7911 | D:8      | Became a worshipper of Hepliaklqana the Forgotten
  8252 | D:9      | Reached skill level 13 in Polearms
  8331 | D:9      | Found a staircase to the Lair.
  8346 | D:9      | Found an iron altar of Okawaru.
  8395 | D:9      | Found a stormy altar of Qazlal.
  8397 | D:9      | Found a shimmering blue altar of Sif Muna.
  8555 | D:9      | Reached * piety under Hepliaklqana
  8589 | D:9      | Reached skill level 14 in Polearms
  8832 | D:9      | Noticed Harold
  8855 | D:9      | Killed Harold
  8856 | D:9      | Reached skill level 15 in Polearms
  9110 | D:9      | Noticed a kobold demonologist
  9110 | D:9      | Noticed a kobold demonologist
  9112 | D:9      | Noticed a kobold demonologist
  9112 | D:9      | Noticed a kobold demonologist
  9112 | D:9      | Noticed a kobold demonologist
  9116 | D:9      | Noticed a kobold demonologist
  9119 | D:9      | Killed a kobold demonologist
  9129 | D:9      | Noticed an orange demon
  9135 | D:9      | Killed a kobold demonologist
  9199 | D:9      | Noticed a soul eater
  9201 | D:9      | Killed a kobold demonologist
  9267 | D:9      | Killed a kobold demonologist
  9268 | D:9      | Reached XP level 11. HP: 53/81 MP: 11/11
  9272 | D:9      | Reached skill level 10 in Fighting
  9429 | D:9      | Reached skill level 1 in Spellcasting
  9429 | D:9      | Reached skill level 1 in Summonings
  9464 | D:9      | Noticed a manticore
  9480 | D:9      | Killed a manticore
 10336 | D:10     | Identified the "Mum Xupi"
 10336 | D:10     | Entered Level 10 of the Dungeon
 10557 | D:9      | Slain by an earth elemental

Illustrated notes

Levels and vault maps discovered:
D:1:      noname_arrival_rooms_in_the_neighbourhood, layout_rooms,
          hangedman_decor_riveting
D:2:      layout_loops_corners, serial_shops, nicolae_shop_hallway_stairs,
          shapermc_ecumenical_altar_flowoftime
D:3:      layout_basic, nicolae_overflow_quartered_altars, uniq_natasha
D:4:      layout_basic, mainiacjoe_overflow_surrounded_room, uniq_duvessa,
          uniq_pikel
D:5:      layout_basic, mainiacjoe_overflow_alcove_4, mainiacjoe_overflow_paths,
          kennysheep_vampire_church, minmay_temple_entry_junction, serial_shops,
          nicolae_lakefront_shop, uniq_ijyb, uniq_grinder
D:6:      layout_loops_ring, minivault_23
D:7:      layout_basic
D:8:      layout_loops_ring, amcnicky_altar_gilded
D:9:      layout_long_grid, nicolae_overflow_hidden_temple, dpeg_oklobed_lair,
          minmay_checkerbox, uniq_harold
D:10:     minmay_stone_box, layout_cave_pools, nicolae_shop_fire_sale
          [nicolae_sub_dead_trees]
Temple:   zaba_magenta_temple

Skill      XL: |  1  2  3  4  5  6  7  8  9 10 11 |
---------------+----------------------------------+-----
Fighting       | 3 4 5 6 7 9 10 | 10.0
Polearms       | 5 6 7 8 11 12 15 | 15.0
Dodging        | 7 |  7.0
Evocations     | 5 |  5.0
Stealth        | 5 |  5.0
Spellcasting   | 3 |  3.6
Summonings     | 3 |  3.9
Throwing       | |  2.0

Action                     |  1- 3 |  4- 6 |  7- 9 | 10-12 || total
---------------------------+-------+-------+-------+-------++-------
  Melee: Trident           |    79 |    86 |   477 |   458 ||  1100
         Punch             |     1 |       |     8 |     6 ||    15
  Throw: Throwing net      |     1 |     1 |     1 |     1 ||     4
         Dart              |       |     2 |       |       ||     2
 Invoke: Recall Ancestor   |       |       |       |     2 ||     2
    Use: Scroll            |     6 |     3 |     5 |     2 ||    16
         Potion            |       |       |     1 |     2 ||     3
   Stab: Sleeping          |     4 |     4 |    12 |     4 ||    24
         Distracted        |     1 |       |     2 |     2 ||     5
         Held in net/web   |       |       |       |     1 ||     1
 Armour: Leather armour    |    14 |    23 |   141 |       ||   178
         Ring mail         |       |       |    35 |   141 ||   176
  Dodge: Dodged            |    30 |    48 |   265 |   199 ||   542

Table legend: (Time is in decaauts)
 A = Elapsed time spent in this place.
 B = Non-inter-level travel time spent in this place.
 C = Inter-level travel time spent in this place.
 D = Time resting spent in this place.
 E = Time spent auto-exploring this place.
 F = Levels seen in this place.
 G = Mean time per level.
                   A        B        C        D        E       F      G
               +--------+--------+--------+--------+--------+-----+--------+
         Total |  10270 |   9647 |    623 |   1694 |   6374 |  11 |  933.6 |
       Dungeon |  10268 |   9647 |    621 |   1694 |   6374 |  10 | 1026.8 |
        Temple |      1 |      0 |      1 |      0 |      0 |   1 |    1.0 |
               +--------+--------+--------+--------+--------+-----+--------+

Top non-repeatable levels by time:
     D:9: 2188 daAuts
     D:5: 1294 daAuts
     D:6: 1207 daAuts
     D:7: 1061 daAuts
     D:4: 1046 daAuts
     D:2: 1044 daAuts
     D:3: 928 daAuts
     D:8: 758 daAuts
     D:1: 722 daAuts
    D:10: 15 daAuts
  Temple: 1 daAuts
